 Dungeon Crawl Stone Soup version 0.29.0-5-ge4962eb29e (webtiles) character file.

Game seed: 1231930757978079140

97 Sabo the Gusty (level 4, -8/24 HPs)
             Began as a Deep Elf Air Elementalist on Aug 28, 2022.
             Was a Believer of Fedhas.
             Splashed by a jelly's acid (10 damage)
             ... on level 3 of the Dungeon.
             The game lasted 00:23:14 (3673 turns).

Sabo the Gusty (Deep Elf Air Elementalist)          Turns: 3673, Time: 00:23:16

Health: -8/24      AC: -2    Str:  5    XL:     4   Next: 42%
Magic:  19/20      EV: 13    Int: 22    God:    Fedhas [**....]
Gold:   119        SH:  0    Dex: 15    Spells: 9/10 levels left

rFire   . . .      SeeInvis .   n - +0 quarterstaff
rCold   . . .      Faith    .   (shield currently unavailable)
rNeg    + . .      Spirit   .   a - +0 robe
rPois   .          Reflect  .   (no helmet)
rElec   .          Harm     .   (no cloak)
rCorr   .          Rampage  .   (no gloves)
Will    .....                   (no boots)
Stlth   ++........              (no amulet)
HPRegen 0.08/turn               l - ring of magical power
MPRegen 0.17/turn               y - ring of positive energy

@: corroded
A: no striking features
a: Renounce Religion, Wall of Briars


You were on level 3 of the Dungeon.
You worshipped Fedhas.
Fedhas was pleased with you.
You visited 1 branch of the dungeon, and saw 3 of its levels.

You collected 119 gold pieces.

Inventory:

Hand Weapons
 c - a +0 sling
 n - a +0 quarterstaff (weapon)
 u - a +0 hand axe
Missiles
 m - 5 silver javelins (quivered)
Armour
 a - a +0 robe (worn)
 s - an orb of guile
Jewellery
 l - a ring of magical power (left hand)
 y - a ring of positive energy (right hand)
Wands
 f - a wand of flame (4)
 A - a wand of roots (15)
Scrolls
 e - 2 scrolls of teleportation
 g - 2 scrolls of identify {unknown}
 h - a scroll of fear {unknown}
 i - a scroll of amnesia {unknown}
 o - a scroll of poison {unknown}
 p - a scroll of blinking {unknown}
 r - a scroll of enchant weapon {unknown}
 t - a scroll of vulnerability {unknown}
 v - 2 scrolls of fog
Potions
 b - 2 potions of magic
 d - 4 potions of heal wounds
 j - a potion of mutation {unknown}
 k - a potion of brilliance {unknown}
 q - a potion of ambrosia {unknown}
 w - 2 potions of degeneration {unknown}
 x - a potion of curing {unknown}
 z - a potion of lignification {unknown}
 B - a potion of flight {unknown}


   Skills:
 + Level 0.1 Fighting
 + Level 0.3 Staves
 + Level 0.2 Ranged Weapons
 + Level 2.8 Dodging
 + Level 2.9 Stealth
 + Level 3.9 Spellcasting
 + Level 2.1 Conjurations
 + Level 4.0 Air Magic


You had 9 spell levels left.
You knew the following spells:

 Your Spells              Type           Power      Damage    Failure   Level
a - Shock                 Conj/Air       68%        1d7       3%          1

Your spell library contained the following spells:

 Spells                   Type           Power      Damage    Failure   Level
 Static Discharge         Conj/Air       17%        3-6/arc   4%          2
 Swiftness                Air            22%        N/A       6%          3
 Airstrike                Air            11%        2d(2-18)  22%         4
 Corpse Rot               Necr/Pois/Air  10%        N/A       54%         4
 Dispel Undead            Necr           4%         3d7       75%         4
 Death Channel            Necr           2%         N/A       100%        6


Dungeon Overview and Level Annotations

Branches:
Dungeon (3/15)

Altars:
Ashenzari
Fedhas
Yredelemnul


Message History

Aim: a goblin, wielding a +0 club (64% to hit)
The zap misses the goblin.
Casting: Shock (safe; 3% risk of failure)
Confirm with . or Enter, or press ? or * to list all spells.
Aiming: Shock (safe; 3% risk of failure)
Press: ? - help, Shift-Dir - straight line, f/p - goblin
Aim: a goblin, wielding a +0 club (64% to hit)
The zap hits the goblin.
You kill the goblin!
Fedhas appreciates your contribution to the ecosystem.
You start resting.
Magic restored.
Things that are here:
a +0 club; a goblin corpse
B - a golden potion You see here a +0 club.
e - 2 scrolls of teleportation (gained 1)
Found an escape hatch in the floor.
There is an escape hatch in the floor here.
There is an escape hatch in the floor here.
The jelly quivers.
Casting: Shock (safe; 3% risk of failure)
Confirm with . or Enter, or press ? or * to list all spells.
Aiming: Shock (safe; 3% risk of failure)
Press: ? - help, Shift-Dir - straight line, f - jelly
Aim: a jelly (100% to hit)
The zap hits the jelly.
The jelly is moderately wounded.
You hit the jelly.
Your hands burn!
The jelly is heavily wounded.
The jelly hits you. The acid corrodes you!
You are splashed with acid!
* * * LOW HITPOINT WARNING * * *
You hit the jelly.
Your hands burn!
* * * LOW HITPOINT WARNING * * *
The jelly is severely wounded.
The jelly completely misses you. The jelly hits you.
* * * LOW HITPOINT WARNING * * *
You are splashed with acid!
You die...
Fedhas appreciates your contribution to the ecosystem.

## .. ###.
.....####
......J@#
##.#.##.#
#.#.##.# ##.
#.##.#.##.#
#..
#.##.#.##.#
#.#
#.#....##.#
#.#
#......##.#
#.#
##.......#.#
#.#
#..........#


You could see a jelly.

Vanquished Creatures
  2 adders
  2 dart slugs
  An orc (D:2)
  5 ball pythons
  2 bats
  7 endoplasms
  3 giant cockroaches (D:1)
  8 goblins
  9 hobgoblins
  7 jackals
  5 quokkas (D:1)
  2 frilled lizards (D:1)
  3 kobolds (D:2)
  7 rats
63 creatures vanquished.

Notes
Turn   | Place    | Note
-------+----------+-------------------------------------------
     0 | D:1      | Sabo the Deep Elf Air Elementalist began the quest for the
                  | Orb.
     0 | D:1      | Reached XP level 1. HP: 10/10 MP: 6/6
   167 | D:1      | Reached XP level 2. HP: 10/15 MP: 0/8
   437 | D:1      | Found a faded altar of an unknown god.
   457 | D:1      | Prayed at the altar of an unknown god.
   457 | D:1      | Became a worshipper of Fedhas Madash
   457 | D:1      | Reached * piety under Fedhas
  1176 | D:1      | Reached XP level 3. HP: 19/19 MP: 7/9
  1605 | D:2      | Reached ** piety under Fedhas
  2350 | D:2      | Found a broken altar of Ashenzari.
  2367 | D:2      | Reached skill level 4 in Air Magic
  2581 | D:2      | Reached XP level 4. HP: 24/24 MP: 11/11
  3330 | D:3      | Found a basalt altar of Yredelemnul.
  3673 | D:3      | Splashed by a jelly's acid

Illustrated notes

Levels and vault maps discovered:
D:1:      lemuel_arrival_room, layout_loops_ring,
          shapermc_ecumenical_altar_pompeii, minmay_misc_feat_plants,
          minmay_tromino_v2
D:2:      layout_basic, basic_altar, minmay_goblin_kobold_house
D:3:      layout_loops_ring, mainiacjoe_overflow_24_doors,
          mainiacjoe_overflow_surrounded_room, dreamdust_princess_corridor,
          uniq_robin

Skill      XL: |  1  2  3  4 |
---------------+-------------+-----
Air Magic      | 4 |  4.0
Conjurations   | 2 |  2.1
Fighting       | |  0.1
Staves         | |  0.3
Ranged Weapons | |  0.2
Dodging        | |  2.8
Stealth        | |  2.9
Spellcasting   | |  3.9

Action                   |  1- 3 |  4- 6 || total
-------------------------+-------+-------++-------
Melee: Quarterstaff      |     9 |    11 ||    20
 Fire: Sling             |     3 |       ||     3
 Cast: Shock             |   104 |    19 ||   123
  Use: Potion            |     1 |       ||     1
       Scroll            |       |     3 ||     3
Armor: Robe              |     6 |     1 ||     7
Dodge: Dodged            |     9 |     9 ||    18
